 Dungeon Crawl Stone Soup version 0.31-a0-175-g9f7f995f2b (webtiles) character file.

Game seed: 12543135683793506625

1607 qw the Cleaver (level 8, -3/51 HPs)
             Began as a Gargoyle Fighter on June 17, 2023.
             Killed from afar by Maggie (12 damage)
             ... with a bolt of fire
             ... on level 7 of the Dungeon.
             The game lasted 00:02:53 (5889 turns).

qw the Cleaver (Gargoyle Fighter)                   Turns: 5889, Time: 00:02:54

Health: -3/51      AC: 18    Str: 21    XL:     8   Next: 95%
Magic:  8/8        EV:  9    Int: 10    God:
Gold:   102        SH:  5    Dex: 15    Spells: 7/7 levels left

rFire   . . .        Y - +0 war axe
rCold   . . .        c - +0 buckler
rNeg    + . .        l - +0 chain mail
rPois   inf          i - +1 hat
rElec   +            j - +0 cloak
rCorr   .            r - +0 pair of gloves
SInv    +            (no boots)
Will    .....        (no amulet) Stlth
                     m - ring of see invisible
HPRegen 0.28/turn    o - +6 ring of dexterity
MPRegen 0.11/turn

%: no passive effects
@: mesmerised
A: sickness immunity, AC +5, negative energy resistance 1, electricity
resistance, torment resistance 1, petrification resistance
a: no special abilities


You were on level 7 of the Dungeon.
You visited 1 branch of the dungeon, and saw 7 of its levels.

You collected 271 gold pieces.
You spent 169 gold pieces at shops.


Innate Abilities, Weirdness & Mutations

You are immune to sickness and miasma.
Your stone body is resilient. (AC +5)
You are immune to poison.
You resist negative energy. (rN+)
You are resistant to electric shocks. (rElec)
You are resistant to unholy torment.
You are immune to petrification.


   Skills:
 - Level 6.0 Fighting
 + Level 8.4 Axes
 - Level 4.2 Armour
 - Level 2.6 Dodging
 - Level 3.2 Shields


You had 7 spell levels left.
You didn't know any spells.
Your spell library was empty.

Inventory:

Hand Weapons
 b - a +0 flail
 Y - a +0 war axe (weapon)
Armour
 c - a +0 buckler (worn)
 i - a +1 hat (worn)
 j - a +0 cloak (worn)
 l - a +0 chain mail (worn)
 r - a +0 pair of gloves (worn)
Jewellery
 h - a ring of ice
 m - a ring of see invisible (left hand)
 o - a +6 ring of dexterity (right hand)
Scrolls
 a - a scroll of identify
Potions
 d - a potion of might
 f - a potion of enlightenment
 g - a potion of cancellation
 k - 2 potions of attraction
 n - a potion of resistance {unknown}
 p - 2 potions of lignification
 q - a potion of haste {unknown}

Dungeon Overview and Level Annotations

Branches:
Dungeon (7/15)
 Temple: D:4-7

Altars:
Fedhas
Kikubaaqudgha
Qazlal
Sif Muna
Trog
Uskayaw
The Shining One

Shops:
D:6 !**(   D:7 :

Annotations:
D:4 1 runed translucent door, Crazy Yiuf
D:7 Maggie


Message History

You closely miss the white imp.
The centaur hits you but does no damage.
The centaur kicks you.
The white imp hits you but does no damage.
The centaur closely misses you. The centaur barely misses you.
You hit the centaur but do no damage.
The centaur is severely wounded.
You closely miss the white imp. The white imp gestures at you.
The puff of frost hits you!
The centaur hits you but does no damage.
The centaur kicks you but does no damage.
You slash the centaur!
You kill the centaur!
You hit the white imp. The white imp gestures at you.
The puff of frost hits you but does no damage.
Maggie gestures wildly while chanting.
Maggie attempts to bespell you!
You are mesmerised by Maggie!
The white imp hits you but does no damage.
You hit Maggie.
Maggie is moderately wounded.
You slash the white imp! The white imp gestures at you.
You block the puff of frost.
Maggie hits you with a +2 war axe of distortion.
Space warps around you.
You hit the white imp but do no damage.
The white imp is severely wounded.
You barely miss Maggie. The white imp closely misses you.
Maggie mumbles some strange words.
Maggie draws you further into her thrall.
You hit the white imp.
You kill the white imp!
You hit Maggie but do no damage. Maggie casts a spell at you.
The bolt of fire hits you!
You die...

### #.. ###.####
......# .# #.#######
##8.8#.#...
#.......####..\......<
#.....?<.....8.8......
##.####.######.#
#.######@##...
#......)@.......
#...............
##(..........#.#
#..#######..# #...
.#.# ##.#. ##.# #.#.#
#. #.# .


You could see Maggie (mesmerising).

Vanquished Creatures
  An orc warrior (D:6)
  An ice beast (D:6)
  A black bear (D:5)
  2 ogres
  3 centaurs
  A phantom (D:5)
  A bullfrog (D:6)
  2 scorpions
  3 hounds (D:6)
  3 orc priests
  2 sleepcaps
  4 iguanas
  15 adders
  6 river rats (D:6)
  A shadow imp (D:6)
  A white imp (D:7)
  2 worms (D:2)
  15 orcs
  8 ball pythons
  7 bats
  5 endoplasms
  5 giant cockroaches
  7 goblins
  6 hobgoblins
  12 jackals
  7 quokkas
  3 frilled lizards
  9 kobolds
  13 rats
146 creatures vanquished.

Vanquished Creatures (others)
  A jelly (D:6)
1 creature vanquished.

Grand Total: 147 creatures vanquished

Notes
Turn   | Place    | Note
-------+----------+-------------------------------------------
     0 | D:1      | qw the Gargoyle Fighter began the quest for the Orb.
     0 | D:1      | Reached XP level 1. HP: 14/14 MP: 1/1
     0 | D:1      | 0 ||| qw: Version: 0.3-a-3-g30531e4
     0 | D:1      | 0 ||| qw: Game counter: 424
     0 | D:1      | 0 ||| qw: Always use a shield: true
     0 | D:1      | 0 ||| qw: God list: Okawaru
     0 | D:1      | 0 ||| qw: Allow faded altars: false
     0 | D:1      | 0 ||| qw: Do Orc after D:15 true
     0 | D:1      | 0 ||| qw: Do second Lair branch before Depths: true
     0 | D:1      | 0 ||| qw: Lair rune preference: random
     0 | D:1      | 0 ||| qw: Plans: Normal, Zot:1-4, Slime:5, God:TSO, Crypt,
                  | Tomb, Abyss, Pan, Hells, Win
     0 | D:1      | 0 ||| PLANNING D:1-11
    52 | D:1      | Reached skill level 2 in Axes
   361 | D:1      | Reached XP level 2. HP: 19/19 MP: 2/2
   368 | D:1      | Found a faded altar of an unknown god.
   402 | D:1      | 402 ||| Stepping ~*~*~tactically~*~*~ (stealth).
   804 | D:1      | 804 ||| UPGRADING to +0 chain mail.
   814 | D:1      | 814 ||| DROPPING +0 scale mail.
   815 | D:1      | 815 ||| READING 2 scrolls labelled GIXZOC YDYO.
   816 | D:1      | 816 ||| READING scroll labelled BOARHI QOUTSEM.
   817 | D:1      | 817 ||| READING scroll labelled LIELLA OSOSOB.
   833 | D:2      | Reached skill level 3 in Axes
   836 | D:2      | 836 ||| Stepping ~*~*~tactically~*~*~ (stealth).
   850 | D:2      | Reached XP level 3. HP: 23/23 MP: 3/3
  1050 | D:2      | Reached XP level 4. HP: 28/28 MP: 4/4
  1091 | D:2      | 1091 ||| Stepping ~*~*~tactically~*~*~ (stealth).
  1097 | D:2      | Reached skill level 4 in Axes
  1186 | D:2      | 1186 ||| Stepping ~*~*~tactically~*~*~ (stealth).
  1335 | D:2      | Found a hide-covered altar of Uskayaw.
  1583 | D:2      | 1583 ||| UPGRADING to +0 cloak.
  1588 | D:2      | 1588 ||| DROPPING ring of wizardry.
  1589 | D:2      | 1589 ||| UPGRADING to ring of see invisible.
  1590 | D:2      | 1590 ||| READING scroll labelled UFIPOS KOMALU.
  1594 | D:2      | 1594 ||| READING scroll labelled CAGENASINN.
  1595 | D:2      | 1595 ||| READING scroll labelled TILITH IDUP.
  1596 | D:2      | 1596 ||| DRINKING 2 inky potions.
  1597 | D:2      | 1597 ||| DRINKING 2 fuming orange potions.
  1598 | D:2      | 1598 ||| DRINKING potion of curing.
  1598 | D:2      | 1598 ||| (to cure confusion)
  1599 | D:2      | 1599 ||| DRINKING 2 lumpy blue potions.
  1638 | D:2      | 1638 ||| DROPPING potion of ambrosia.
  1656 | D:3      | 1656 ||| STAIRDANCE
  1716 | D:2      | 1716 ||| DROPPING +0 mace.
  1775 | D:3      | Reached XP level 5. HP: 31/32 MP: 5/5
  1804 | D:3      | 1804 ||| Stepping ~*~*~tactically~*~*~ (stealth).
  1805 | D:3      | 1805 ||| Stepping ~*~*~tactically~*~*~ (stealth).
  1822 | D:3      | 1822 ||| Stepping ~*~*~tactically~*~*~ (stealth).
  1824 | D:3      | 1824 ||| Stepping ~*~*~tactically~*~*~ (hiding).
  1827 | D:3      | 1827 ||| Stepping ~*~*~tactically~*~*~ (hiding).
  1843 | D:3      | 1843 ||| Stepping ~*~*~tactically~*~*~ (stealth).
  2024 | D:3      | 2024 ||| Stepping ~*~*~tactically~*~*~ (stealth).
  2046 | D:3      | Reached skill level 5 in Axes
  2416 | D:3      | 2416 ||| READING 2 scrolls of identify.
  2416 | D:3      | 2416 ||| IDENTIFYING fuming pink potion
  2417 | D:3      | 2417 ||| DROPPING potion of degeneration.
  2508 | D:4      | HP: 8/32 [iguana (8)]
  2514 | D:4      | Reached XP level 6. HP: 11/38 MP: 6/6
  2652 | D:4      | Found a hide-covered altar of Uskayaw.
  2654 | D:4      | 2654 ||| Stepping ~*~*~tactically~*~*~ (stealth).
  2668 | D:4      | HP: 8/38 [iguana (4)]
  2726 | D:4      | 2726 ||| FLEEEEING.
  2788 | D:4      | 2788 ||| Stepping ~*~*~tactically~*~*~ (hiding).
  2789 | D:4      | 2789 ||| Stepping ~*~*~tactically~*~*~ (hiding).
  3002 | D:4      | Found a shimmering blue altar of Sif Muna.
  3068 | D:4      | Found a bloodstained altar of Trog.
  3081 | D:4      | Reached skill level 6 in Axes
  3237 | D:4      | Found a runed translucent door.
  3238 | D:4      | Noticed Crazy Yiuf
  3630 | D:4      | 3630 ||| READING scroll labelled RUIPISTRA QESH.
  3675 | D:5      | Entered Level 5 of the Dungeon
  3693 | D:5      | Reached skill level 1 in Dodging
  3693 | D:5      | Reached XP level 7. HP: 36/43 MP: 7/7
  3911 | D:5      | Found a glowing golden altar of the Shining One.
  4259 | D:5      | Reached skill level 7 in Axes
  4265 | D:5      | 4265 ||| Stepping ~*~*~tactically~*~*~ (stealth).
  4266 | D:5      | 4266 ||| Stepping ~*~*~tactically~*~*~ (stealth).
  4290 | D:5      | 4290 ||| Stepping ~*~*~tactically~*~*~ (stealth).
  4291 | D:5      | 4291 ||| Stepping ~*~*~tactically~*~*~ (stealth).
  4292 | D:5      | 4292 ||| Stepping ~*~*~tactically~*~*~ (stealth).
  4345 | D:5      | 4345 ||| UPGRADING to +1 hat.
  4350 | D:5      | 4350 ||| UPGRADING to +0 pair of gloves.
  4355 | D:5      | 4355 ||| DROPPING amulet of magic regeneration.
  4356 | D:5      | 4356 ||| UPGRADING to +6 ring of dexterity.
  4357 | D:5      | 4357 ||| READING scroll labelled GIUBUE ZODAFFUGHU.
  4358 | D:5      | 4358 ||| DRINKING 2 coppery potions.
  4359 | D:5      | 4359 ||| READING 3 scrolls of identify.
  4359 | D:5      | 4359 ||| IDENTIFYING smoky orange potion
  4360 | D:5      | 4360 ||| READING 2 scrolls of identify.
  4360 | D:5      | 4360 ||| IDENTIFYING red potion
  4361 | D:5      | 4361 ||| DROPPING potion of brilliance.
  4397 | D:6      | Found Nengy's General Store.
  4397 | D:6      | Found Zumokhlui's Assorted Antiques.
  4397 | D:6      | Found Ysai's Distillery.
  4399 | D:6      | 4399 ||| SHOPLISTING +6 ring of dexterity (432 gold, have
                  | 180).
  4399 | D:6      | 4399 ||| BUYING potion of attraction (36 gold).
  4399 | D:6      | Bought a potion of attraction for 36 gold pieces
  4399 | D:6      | 4399 ||| Stepping randomly (stuck).
  4418 | D:6      | Found Kuir's Weapon Boutique.
  4482 | D:6      | Found a stormy altar of Qazlal.
  4491 | D:6      | 4491 ||| BUYING marble ring (95 gold).
  4491 | D:6      | Bought a marble ring for 95 gold pieces
  4491 | D:6      | 4491 ||| SHOPLISTING pair of boots (85 gold, have 59).
  4491 | D:6      | 4491 ||| BUYING scroll of identify (38 gold).
  4491 | D:6      | Bought a scroll of identify for 38 gold pieces
  4491 | D:6      | 4491 ||| SHOPLISTING translucent scale mail (171 gold, have
                  | 21).
  4491 | D:6      | 4491 ||| SHOPLISTING worn brass wand (76 gold, have 21).
  4574 | D:6      | 4574 ||| Stepping ~*~*~tactically~*~*~ (hiding).
  4584 | D:6      | Reached XP level 8. HP: 39/49 MP: 8/8
  4825 | D:6      | Reached skill level 8 in Axes
  5025 | D:6      | 5025 ||| Stepping ~*~*~tactically~*~*~ (hiding).
  5027 | D:6      | 5027 ||| Stepping ~*~*~tactically~*~*~ (hiding).
  5282 | D:6      | Found an ancient bone altar of Kikubaaqudgha.
  5282 | D:6      | Found a blossoming altar of Fedhas.
  5317 | D:6      | 5317 ||| Stepping ~*~*~tactically~*~*~ (hiding).
  5324 | D:6      | Reached skill level 6 in Fighting
  5820 | D:6      | 5820 ||| READING 2 scrolls of identify.
  5820 | D:6      | 5820 ||| IDENTIFYING dark potion
  5858 | D:7      | Noticed Maggie
  5858 | D:7      | Found Barrugu's Book Emporium.
  5859 | D:7      | 5859 ||| Stepping ~*~*~tactically~*~*~ (hiding).
  5860 | D:7      | 5860 ||| Stepping ~*~*~tactically~*~*~ (hiding).
  5876 | D:7      | HP: 12/51 [centaur/arrow (7)]
  5877 | D:7      | 5877 ||| DRINKING potion of heal wounds.
  5880 | D:7      | 5880 ||| Stepping ~*~*~tactically~*~*~ (hiding).
  5887 | D:7      | HP: 10/51 [Maggie/+2 war axe of distortion (6)]
  5889 | D:7      | Killed from afar by Maggie

Levels and vault maps discovered:
D:1:      dpeg_arrival_brainrot, layout_basic,
          ebering_ecumenical_altar_sacrificial
D:2:      layout_loops_ring, basic_altar, minmay_heptomino_w4
D:3:      layout_loops_cross, grunt_ministairs_7
D:4:      layout_loops_ring, kennysheep_mini, grunt_temple_overflow_open,
          uniq_crazy_yiuf_cottage
D:5:      layout_rooms, lemuel_doored_altar
D:6:      lemuel_ratsnest, layout_layer_cave,
          grunt_temple_overflow_growth_and_decay, grunt_qazlal_clouds,
          nicolae_stop_n_shop_1, nicolae_shop_distant_corner_stores
D:7:      layout_loops_ring, mainiacjoe_overflow_brackets,
          minmay_temple_entry_fiery, serial_shops,
          nicolae_shop_tiny_statue_garden, nicolae_shop_behind_doors,
          nicolae_shop_pleasant_corner_grove, enter_bailey_3, uniq_maggie

Skill      XL: |  1  2  3  4  5  6  7  8 |
---------------+-------------------------+-----
Axes           | 2 3 4 5 6 7 8 |  8.4
Fighting       | 4 5 6 |  6.0
Dodging        | 1 2 |  2.6
Armour         | 4 |  4.2
Shields        | |  3.2

Action                     |  1- 3 |  4- 6 |  7- 9 || total
---------------------------+-------+-------+-------++-------
  Melee: War axe           |    84 |   223 |   194 ||   501
    Use: Scroll            |     3 |     5 |     4 ||    12
         Potion            |       |     4 |     2 ||     6
 Armour: Scale mail        |    22 |       |       ||    22
         Chain mail        |    36 |   148 |   122 ||   306
  Dodge: Dodged            |    32 |    79 |    78 ||   189
  Block: Buckler           |    13 |    45 |    49 ||   107

Table legend:
 A = Non-vault XP
 B = Vault XP
 C = Vault XP percentage of total XP
 D = Non-vault monster count
 E = Vault monster count
 F = Vault count percentage of total count
                 A         B        C        D         E       F
            +---------+---------+-------+---------+---------+-------
      Total |    1919 |     389 |  16.9 |     108 |      38 |  26.0
            +---------+---------+-------+---------+---------+-------
        D:1 |      27 |       2 |   6.9 |      16 |       1 |   5.9
        D:2 |      81 |      47 |  36.7 |      17 |      12 |  41.4
        D:3 |     120 |       0 |   0.0 |      29 |       0 |   0.0
        D:4 |     302 |       0 |   0.0 |      18 |       0 |   0.0
        D:5 |     486 |       0 |   0.0 |      14 |       0 |   0.0
        D:6 |     777 |     340 |  30.4 |      12 |      25 |  67.6
        D:7 |     126 |       0 |   0.0 |       2 |       0 |   0.0
            +---------+---------+-------+---------+---------+-------
